 Dungeon Crawl Stone Soup version 0.18-b1-18-g7758cf2 (webtiles) character file.

3767 nikopol the Spear-Bearer (level 9, -3/81 HPs)
             Began as a Minotaur Berserker on May 2, 2016.
             Was an Elder of Trog.
             Slain by an unseen horror (6 damage)
             ... on level 9 of the Dungeon.
             The game lasted 00:16:19 (5963 turns).

nikopol the Spear-Bearer (Minotaur Berserker)       Turns: 5963, Time: 00:16:20

Health: -3/81      AC:  7    Str: 23    XL:     9   Next: 94%
Magic:  8/8        EV: 14    Int:  4    God:    Trog [****..]
Gold:   416        SH:  0    Dex: 12    Spells: 0 memorised, 8 levels left

rFire  + . .     SeeInvis .     L - +0 trident
rCold  . . .     Gourm    +     m - +0 ring mail
rNeg   . . .     Faith    .     (no shield)
rPois  .         Spirit   .     (helmet restricted)
rElec  .         Dismiss  .     x - +0 cloak
rCorr  +         Reflect  .     K - -2 pair of gloves (curse)
SustAt .         Harm     .     (no boots)
MR     .....                    i - amulet of the gourmand
Stlth  +.........               e - ring of protection from fire
                                D - ring of resist corrosion

@: not resistant to hostile enchantments, very unstealthy
A: retaliatory headbutt, horns 2
a: Berserk, Trog's Hand, Brothers in Arms, Burn Spellbooks, Renounce Religion


You were on level 9 of the Dungeon.
You worshipped Trog.
Trog was greatly pleased with you.
You were completely stuffed.

You visited 1 branch of the dungeon, and saw 7 of its levels.

You collected 416 gold pieces.

Inventory:

Hand Weapons
 a - a +0 spear
 L - a +0 trident (weapon)
Missiles
 v - 6 poisoned tomahawks
 E - 4 javelins of penetration
 H - 10 tomahawks (quivered)
Armour
 m - a +0 ring mail (worn)
 p - a +0 pair of gloves
 x - a +0 cloak (worn)
 K - a cursed -2 pair of gloves (worn)
Jewellery
 e - a ring of protection from fire (right hand)
 i - an amulet of the gourmand (around neck)
 D - a ring of resist corrosion (left hand)
Wands
 z - a wand of random effects (8/48)
 F - a wand of flame (22/48)
 G - a wand of acid (6/15)
Scrolls
 d - 2 scrolls of fear {unknown}
 g - a scroll of recharging {unknown}
 l - 2 scrolls of blinking {unknown}
 q - 10 scrolls of identify {unknown}
 r - a scroll of noise {unknown}
 u - a scroll of fog {unknown}
 w - 5 scrolls of teleportation {unknown}
 y - 2 scrolls of enchant weapon {unknown}
 B - 2 scrolls of immolation {unknown}
 C - a scroll of enchant armour {unknown}
 I - a scroll of magic mapping {unknown}
Potions
 b - a potion of agility
 h - 3 potions of brilliance {unknown}
 j - a potion of mutation {unknown}
 k - 2 potions of flight {unknown}
 n - a potion of resistance {unknown}
 o - 3 potions of curing {unknown}
 A - a potion of haste {unknown}
 J - 2 potions of heal wounds
Books
 t - a book of Envenomations

   Spells                             Type                      Level
   a - Spider Form                    Transmutation/Poison         3
   b - Olgreb's Toxic Radiance        Poison                       4
   c - Alistair's Intoxication        Transmutation/Poison         5
   d - Poisonous Cloud                Conjuration/Poison/Air       6
   Trog disapproves of the use of such an item.
Comestibles
 c - 2 bread rations
 f - 5 meat rations
 s - 3 beef jerkies
 M - 10 royal jellies


   Skills:
 + Level 8.0 Fighting
 * Level 10.3 Polearms
 + Level 4.7 Throwing
 + Level 7.8 Armour
 + Level 7.2 Dodging


You had 8 spell levels left.
You didn't know any spells.

Dungeon Overview and Level Annotations

Branches:
Dungeon (6/15)               Lair (0/8) D:9
 Temple: D:4-7

Altars:
Ashenzari
Dithmenos
Elyvilon
Fedhas
Gozag
Pakellas
Qazlal
Xom
Yredelemnul
Zin
The Shining One

Shops:
D:5 }


Innate Abilities, Weirdness & Mutations

You reflexively headbutt those who attack you in melee.
You have a pair of horns on your head.


Message History

Something hits you. Something hits you but does no damage.
Something barely misses you. Something hits you. Something hits you.
You miss something. Something hits you. x2
You puncture something! Your headbutt misses something. Something hits you.
Your ring mail prevents you from hitting something.
Something hits you.
You barely miss something. Your headbutt misses something. Something hits you.
Something hits you.
* * * LOW HITPOINT WARNING * * *
Something completely misses you.
You hit something. Something hits you but does no damage. Something hits you.
* * * LOW HITPOINT WARNING * * *
You closely miss something. Something hits you.
* * * LOW HITPOINT WARNING * * *
Something hits you!
* * * LOW HITPOINT WARNING * * *
You hit something. Something hits you.
You die...

### #.######################
#......@................
#.######################
#.####### #..........)..
#.#≈≈≈≈≈###.###########.
#..≈###≈.##.# #. #...+
#≈.##'######### #. ########
#.#≈###≈.#..........###. #......#
#.#≈≈≈≈≈.#..........'.#.
#......###.###....#..........#.#.


There were no monsters in sight!

Vanquished Creatures
  Erolcha (D:9)
  Prince Ribbit (D:5)
  Grinder (D:5)
  Sigmund (D:4)
  Eustachio (D:5)
  A hippogriff (D:9)
  Edmund (D:5)
  A mottled dragon (D:9)
  An ice beast (D:9)
  2 orc warriors (D:9)
  A black bear (D:9)
  Duvessa (D:5)
  An ogre (D:4)
  A phantom (D:9)
  A centaur (D:9)
  A crocodile (D:9)
  A big kobold (D:9)
  Blork the orc (D:5)
  Dowan (D:5)
  5 killer bees (D:9)
  2 crimson imps
  A centaur zombie (D:5)
  3 jellies (D:9)
  An orc priest (D:9)
  2 centaur skeletons
  A hound (D:6)
  2 giant frog skeletons
  2 iguanas
  5 worker ants
  An orc wizard (D:4)
  A worker ant zombie (D:9)
  7 gnolls
  2 river rats (D:9)
  5 adders
  A shadow imp (D:5)
  5 oozes (D:9)
  3 worms
  A dart slug (D:2)
  2 giant geckos
  11 orcs
  2 ball pythons
  2 giant cockroaches
  7 goblins
  12 hobgoblins
  8 jackals
  16 kobolds
  5 quokkas
  13 bats
  4 giant newts
  2 quokka skeletons
  14 rats
  A plant (D:9)
169 creatures vanquished.

Vanquished Creatures (others)
  2 ogres (D:4)
  A worm (D:4)
  4 fungi (D:9)
7 creatures vanquished.

Grand Total: 176 creatures vanquished

Notes
Turn   | Place    | Note
--------------------------------------------------------------
     0 | D:1      | nikopol the Minotaur Berserker began the quest for the Orb.
     0 | D:1      | Reached XP level 1. HP: 19/19 MP: 0/0
    65 | D:1      | Reached XP level 2. HP: 13/27 MP: 1/1
   900 | D:2      | Reached ** piety under Trog
   900 | D:2      | Reached skill level 4 in Polearms
   903 | D:2      | Reached XP level 3. HP: 33/33 MP: 2/2
  1097 | D:2      | Reached XP level 4. HP: 7/40 MP: 3/3
  1377 | D:2      | Found a shimmering altar of Xom.
  1507 | D:2      | Found a basalt altar of Yredelemnul.
  1774 | D:3      | Found a white marble altar of Elyvilon.
  1779 | D:3      | Found a faded altar to an unknown god.
  1790 | D:3      | Reached *** piety under Trog
  1871 | D:3      | Found a stormy altar of Qazlal.
  1915 | D:3      | Reached XP level 5. HP: 30/47 MP: 4/4
  2763 | D:4      | Killed an ogre
  2847 | D:4      | Noticed an ogre
  2856 | D:4      | Killed an ogre
  2856 | D:4      | Reached skill level 5 in Fighting
  2856 | D:4      | Reached skill level 5 in Polearms
  2856 | D:4      | Reached XP level 6. HP: 31/56 MP: 5/5
  2991 | D:4      | Noticed Sigmund
  2997 | D:4      | Killed Sigmund
  3023 | D:4      | Reached skill level 5 in Armour
  3031 | D:4      | Found a shimmering altar of Xom.
  3052 | D:4      | Reached XP level 7. HP: 61/61 MP: 6/6
  3454 | D:4      | Found a glowing silver altar of Zin.
  3677 | D:5      | Entered Level 5 of the Dungeon
  3677 | D:5      | Found a glowing golden altar of the Shining One.
  3764 | D:5      | Noticed Edmund
  3772 | D:5      | Killed Edmund
  3772 | D:5      | Reached skill level 6 in Polearms
  3772 | D:5      | Reached skill level 1 in Throwing
  3772 | D:5      | Reached skill level 5 in Dodging
  3781 | D:5      | Noticed Eustachio
  3783 | D:5      | Noticed Duvessa
  3783 | D:5      | Noticed Dowan
  3876 | D:5      | Killed Eustachio
  3878 | D:5      | Killed Duvessa
  3878 | D:5      | Reached skill level 7 in Polearms
  3878 | D:5      | Reached XP level 8. HP: 70/70 MP: 7/7
  3883 | D:5      | Killed Dowan
  3883 | D:5      | Received a gift from Trog
  3901 | D:5      | Reached **** piety under Trog
  4025 | D:5      | Noticed Grinder
  4035 | D:5      | Killed Grinder
  4062 | D:5      | Noticed Prince Ribbit
  4071 | D:5      | Killed Prince Ribbit
  4103 | D:5      | Found a shattered altar of Ashenzari.
  4110 | D:5      | Noticed Blork the orc
  4116 | D:5      | Killed Blork the orc
  4198 | D:5      | Found a blossoming altar of Fedhas.
  4250 | D:5      | Found a shadowy altar of Dithmenos.
  4320 | D:5      | Found an oddly glowing altar of Pakellas.
  4320 | D:5      | Found Pakellas's Prime Provisions.
  4447 | D:6      | Reached skill level 8 in Polearms
  4496 | D:6      | You fall through a shaft for 3 floors!
  4608 | D:9      | Received a gift from Trog
  4722 | D:9      | Noticed Erolcha
  4732 | D:9      | Killed Erolcha
  4732 | D:9      | Reached skill level 9 in Polearms
  4732 | D:9      | Reached XP level 9. HP: 79/79 MP: 8/8
  5264 | D:9      | Found an opulent altar of Gozag.
  5505 | D:9      | Found a staircase to the Lair.
  5509 | D:9      | Reached skill level 10 in Polearms
  5962 | D:9      | HP: 3/81 [something (10)]
  5963 | D:9      | Slain by an unseen horror

Skill      XL: |  1  2  3  4  5  6  7  8  9 |
---------------+----------------------------+-----
Armour         | 3 4 5 7 |  7.8
Fighting       | 4 5 6 7 8 |  8.0
Polearms       | 4 5 7 9 10 | 10.3
Dodging        | 3 4 5 6 7 |  7.2
Throwing       | 1 3 4 |  4.7

Action                   |  1- 3 |  4- 6 |  7- 9 || total
-------------------------+-------+-------+-------++-------
Melee: Spear             |    95 |   171 |   228 ||   494
       Headbutt          |    11 |    23 |    73 ||   107
       Trident           |       |       |   124 ||   124
Throw: Tomahawk          |       |       |    24 ||    24
Invok: Berserk           |     1 |     1 |     5 ||     7
       Trog's Hand       |       |       |     1 ||     1
 Stab: Sleeping          |     1 |       |       ||     1
  Eat: Chunk             |     1 |     8 |    29 ||    38
Armor: Animal skin       |     8 |       |       ||     8
       Ring mail         |     5 |    29 |    63 ||    97
Dodge: Dodged            |    39 |    67 |   174 ||   280
